AoeStats
← AiM | Facu1414

African Clearing

505808980Analyzed
4v4 RM · 20d ago on Sep 11, 2026· 54m 52s· 8 players
Game mode
Random Map
Map size
Large (8 player)
Population
200
Speed
Normal
Resources
Standard
Victory
Conquest
Starting age
Dark Age
Ending age
Imperial Age
RankedLock teamsTeams togetherTeam positionsShared explorationLock speedFull tech treeHidden civsTurbo modeCheats
Victory
Defeat
🇦🇷 Cumans · Argentina
1583
+18
🇲🇽 Vietnamese · Mexico
1575
+18
🇦🇷 Jurchens · Argentina
1560
+19
🇨🇱 Magyars · Chile
1517
+21
🇹🇼 Khmer · Taiwan
1702
-22
🇲🇽 Chinese · Mexico
1667
-21
🇹🇷 Lithuanians · Türkiye
1582
-17
🇹🇼 Mongols · Taiwan
1544
-16
AIM | Agua cate 98
9:22 Loom
12:33 Feudal Age
13:17 Double-Bit Axe
15:47 Town Watch
17:34 Bloodlines
18:01 Horse Collar
18:46 Forging
20:18 Scale Barding Armor
21:39 Wheelbarrow
25:41 Castle Age
31:37 Coinage
31:36 Heavy Plow
34:21 Husbandry
35:28 Iron Casting
42:48 Hand Cart
43:08 Bow Saw
48:30 Imperial Age
45:28 Light Cavalry
46:13 Fletching
47:40 Chain Barding Armor
47:16 Bodkin Arrow
54:07 Plate Barding Armor
55:11 Blast Furnace
AiM | PoRRo
7:43 Loom
12:11 Feudal Age
14:17 Double-Bit Axe
17:55 Scale Barding Armor
20:56 Bloodlines
25:04 Castle Age
26:47 Chain Barding Armor
26:34 Horse Collar
27:07 Bow Saw
27:53 Husbandry
30:43 Wheelbarrow
36:37 Hand Cart
37:12 Gold Mining
39:41 Heavy Plow
39:44 Stone Mining
44:20 Imperial Age
44:24 Cavalier
45:18 Town Watch
46:16 Plate Barding Armor
46:31 Paladin
49:18 Light Cavalry
49:36 Pikeman
AiM | Facu1414
5:42 Loom
16:38 Feudal Age
21:02 Town Watch
21:11 Town Watch
23:59 Double-Bit Axe
25:22 Horse Collar
29:43 Wheelbarrow
33:20 Castle Age
31:50 Bloodlines
32:25 Scale Barding Armor
32:30 Forging
32:44 Gold Mining
34:23 Chain Barding Armor
34:38 Iron Casting
34:41 Hand Cart
36:08 Capped Ram
37:19 Town Patrol
38:08 Light Cavalry
42:53 Heavy Plow
44:19 Gold Shaft Mining
45:30 Fletching
46:26 Bodkin Arrow
52:01 Ballistics
51:42 Padded Archer Armor
56:33 Imperial Age
AiM | Fubuki Sinri
10:43 Loom
13:01 Feudal Age
16:44 Castle Age
15:21 Double-Bit Axe
15:30 Gold Mining
16:29 Fletching
18:18 Bodkin Arrow
23:43 Bow Saw
27:24 Wheelbarrow
27:02 Horse Collar
30:39 Husbandry
30:42 Padded Archer Armor
31:46 Ballistics
32:42 Thumb Ring
34:32 Heavy Plow
34:47 Hand Cart
39:33 Imperial Age
37:19 Town Watch
38:16 Leather Archer Armor
39:39 Elite Rattan Archer
40:21 Bracer
41:22 Chemistry
42:28 Ring Archer Armor
43:57 Hoardings
48:53 Siege Engineers
49:24 Town Patrol
51:38 Crop Rotation
52:09 Two-Man Saw
53:38 Coinage
eL| Barry_Allen
3:31 Loom
13:09 Feudal Age
18:25 Castle Age
16:42 Double-Bit Axe
16:45 Horse Collar
20:55 Fletching
22:30 Bow Saw
22:38 Bodkin Arrow
22:45 Padded Archer Armor
29:53 Ballistics
30:39 Heavy Plow
31:18 Leather Archer Armor
33:29 Wheelbarrow
36:55 Gold Mining
36:57 Stone Mining
41:05 Imperial Age
39:17 Hand Cart
38:49 Town Watch
41:05 Masonry
41:55 Thumb Ring
42:28 Conscription
43:10 Stone Shaft Mining
43:11 Gold Shaft Mining
42:40 Bracer
43:58 Architecture
42:53 Capped Ram
44:44 Chemistry
44:16 Ring Archer Armor
43:45 Siege Ram
45:46 Elite Chu Ko Nu
49:02 Great Wall
49:11 Squires
48:32 Pikeman
49:57 Guard Tower
49:53 Arrowslits
49:53 Elite Skirmisher
51:49 Keep
ValerioN__
12:44 Feudal Age
16:19 Castle Age
14:10 Double-Bit Axe
17:00 Loom
19:04 Bow Saw
21:42 Horse Collar
29:23 Wheelbarrow
29:18 Hill Forts
30:35 Fletching
31:46 Scale Barding Armor
33:19 Chain Barding Armor
34:06 Forging
35:01 Bloodlines
34:52 Husbandry
35:54 Iron Casting
40:36 Imperial Age
40:08 Bodkin Arrow
41:52 Elite Leitis
43:51 Plate Barding Armor
BøM_antihack.exe
10:48 Loom
13:05 Feudal Age
20:57 Castle Age
21:50 Double-Bit Axe
22:41 Fletching
28:35 Bodkin Arrow
32:00 Bow Saw
32:55 Ballistics
35:18 Fishing Lines
35:57 Padded Archer Armor
37:35 Husbandry
41:40 Gillnets
44:04 Bloodlines
47:58 Imperial Age
46:30 Leather Archer Armor
47:33 Thumb Ring
48:40 Bracer
49:46 Chemistry
49:49 Parthian Tactics
BøM_Sheuu
5:57 Loom
12:09 Feudal Age
12:47 Double-Bit Axe
18:11 Bloodlines
18:07 Horse Collar
21:59 Wheelbarrow
26:34 Castle Age
25:45 Scale Barding Armor
27:37 Chain Barding Armor
27:32 Bow Saw
30:40 Forging
33:23 Fletching
37:54 Iron Casting
38:52 Gold Mining
39:11 Husbandry
40:38 Town Watch
42:09 Hand Cart
45:55 Light Cavalry
54:29 Imperial Age
Connection lost

Rejoining the realm…

Still unreachable

The connection could not be restored.

Session expired

The server has moved on; the page needs a fresh start.